Map: 宿怨战场-天梯版

Players

Maru - Winner!

  • Race: Terran Terran
  • League: Gold

Elazer

  • Race: Zerg Zerg

Event: WESG 2018 Grand Finals

VOD

Have the link to the VOD?

Description

Time

  • Played on: March 13, 2019, 7:19 a.m.
  • Length: 18:10

All games in this series

Show
View Real Time Build Order
Export as new Build Order

Maru Terran - Winner!

Build Orders: Gas First Reaper Expand, Liberator Opening 

Get SALT Encoding   

  12  0:00  SCV  
  13  0:12  SCV  
  14  0:17  Supply Depot  
  14  0:24  SCV  
  15  0:28  Refinery  
  15  0:38  SCV  
  16  0:44  Barracks  
  16  0:50  SCV  
  17  1:02  SCV  
  18  1:14  SCV  
  19  1:31  Reaper, Orbital Command  
  20  1:42  Command Center  
  20  1:53  Factory  
  20  1:58  SCV  
  21  2:05  Barracks Reactor  
  21  2:10  SCV  
  21  2:13  Supply Depot  
  21  2:15  Refinery  
  22  2:22  SCV  
  23  2:35  SCV  
  24  2:43  Starport  
  24  2:47  SCV  
  24  2:49  Hellion x2  
  29  2:55  Orbital Command  
  29  2:59  SCV  
  30  3:10  Hellion  
  30  3:11  Hellion, SCV  
  35  3:18  Medivac  
  37  3:20  SCV  
  37  3:21  Barracks Tech Lab  
  37  3:23  SCV  
  37  3:26  Supply Depot  
  39  3:32  SCV  
  40  3:35  Hellion, SCV  
  40  3:36  Liberator  
  40  3:37  Hellion  
  45  3:43  Armory  
  45  3:44  Marine  
  46  3:49  Supply Depot  
  49  3:57  SCV  
  49  4:00  Hellion  
  54  4:03  Hellion  
  54  4:10  SCV  
  54  4:14  Supply Depot  
  54  4:15  SCV  
  56  4:22  Hellion  
  60  4:24  Hellion  
  60  4:28  SCV x2  
  62  4:32  Hellion x2  
  62  4:34  Hellion x2  
  62  4:38  Command Center  
  62  4:42  SCV  
  62  4:45  Hellion  
  64  4:46  Hellion  
  64  4:47  SCV  
  67  4:53  Hellion x4  
  67  4:58  SCV  
  67  4:59  Marine, SCV  
  70  5:00  Stimpack  
  70  5:04  Supply Depot  
  68  5:07  Starport Reactor  
  68  5:15  Barracks, Factory Tech Lab  
  68  5:16  SCV x2  
  68  5:17  Barracks  
  68  5:19  Engineering Bay  
  68  5:20  Engineering Bay  
  70  5:26  Marine  
  71  5:28  SCV x2  
  73  5:40  SCV  
  73  5:41  SCV  
  75  5:43  Marine  
  75  5:46  Siege Tank  
  76  5:53  SCV x2  
  75  6:01  Orbital Command, Marine  
  68  6:04  Marine x2  
  68  6:05  SCV x2  
  68  6:10  Starport Reactor  
  66  6:16  Terran Infantry Weapons Level 1, Terran Infantry Armor Level 1  
  66  6:17  SCV x2  
  62  6:19  Marine x3  
  62  6:22  Marine x2  
  67  6:26  Refinery  
  67  6:27  Siege Tank  
  67  6:29  SCV  
  67  6:30  Refinery  
  71  6:35  SCV x2  
  71  6:37  Marine x3  
  76  6:40  Marine, Supply Depot  
  76  6:41  Marine  
  76  6:46  Orbital Command  
  78  6:50  SCV x2  
  80  6:54  Marine  
  80  6:55  Marine x2  
  80  6:56  Medivac x2  
  80  6:57  Marine  
  80  6:59  Marine, Siege Tank  
  92  7:02  Supply Depot  
  92  7:03  Supply Depot  
  92  7:04  Combat Shield  
  92  7:08  SCV x2  
  94  7:09  Refinery  
  94  7:12  Marine x3  
  94  7:14  SCV  
  98  7:15  Marine  
  98  7:16  Marine  
  98  7:20  SCV  
  98  7:22  Supply Depot x2  
  101  7:24  SCV  
  101  7:25  Armory  
  101  7:28  SCV, Supply Depot  
  103  7:30  Marine x3, Supply Depot  
  103  7:32  SCV  
  103  7:33  Marine  
  103  7:34  Marine  
  109  7:37  Siege Tank  
  109  7:39  SCV  
  109  7:40  SCV  
  109  7:42  Refinery  
  115  7:44  SCV  
  115  7:48  Marine x3  
  115  7:51  Medivac x2, Marine  
  122  7:52  Marine  
  122  7:53  SCV x2  
  122  7:56  SCV  
  127  7:59  Supply Depot  
  127  8:03  Barracks  
  127  8:04  Barracks  
  127  8:06  Marine x2  
  127  8:08  SCV  
  127  8:11  SCV  
  131  8:14  Marine  
  131  8:15  Marine  
  131  8:16  SCV  
  131  8:17  Supply Depot  
  132  8:20  Marine  
  132  8:24  Marine x2  
  131  8:29  Siege Tank  
  131  8:30  Medivac x2  
  131  8:32  Marine  
  131  8:33  Marine  
  140  8:34  Factory  
  140  8:38  Marine  
  141  8:41  Marine  
  141  8:42  Terran Infantry Weapons Level 2, Marine, Terran Infantry Armor Level 2  
  143  8:51  Barracks Reactor x2  
  143  8:52  Marine x2  
  145  8:58  Marine  
  145  8:59  Marine x2  
  148  9:05  Command Center  
  148  9:09  Marine  
  148  9:10  Marine, Siege Tank  
  148  9:11  Supply Depot x2  
  148  9:14  Terran Vehicle Weapons Level 1  
  148  9:16  Marine  
  151  9:17  Marine  
  151  9:18  Marine  
  151  9:20  Medivac x2  
  151  9:23  Factory Tech Lab  
  157  9:27  Marine x2  
  159  9:32  Marine  
  159  9:33  Marine x3  
  159  9:34  Marine  
  159  9:35  Marine  
  159  9:36  Marine  
  149  9:39  Supply Depot  
  149  9:45  Marine x2  
  149  9:50  Marine x4  
  149  9:54  Marine  
  146  10:02  Siege Tank x2  
  149  10:07  SCV x2  
  151  10:24  Marine  
  151  10:25  Marauder  
  154  10:29  Marine  
  154  10:30  SCV x2  
  154  10:34  Siege Tank x2  
  163  10:35  Barracks  
  163  10:37  Barracks  
  163  10:39  Barracks  
  163  10:41  Marine x2, Planetary Fortress  
  165  10:46  Marauder  
  165  10:47  Medivac  
  165  10:48  Sensor Tower  
  168  10:57  Command Center  
  168  11:05  Refinery x2  
  168  11:06  Siege Tank x2  
  168  11:07  Marauder  
  176  11:14  Terran Infantry Weapons Level 3  
  176  11:23  Marine x2  
  176  11:24  Marine x3  
  181  11:26  Barracks Tech Lab x3  
  181  11:28  Terran Infantry Armor Level 3  
  181  11:29  Marauder  
  183  11:38  Siege Tank x2  
  189  11:40  Starport  
  189  11:41  Starport  
  189  11:42  Terran Vehicle Weapons Level 2  
  189  11:52  Marauder x2, Marine x6  
  199  12:03  Concussive Shells  
  198  12:09  Marine  
  198  12:10  Marauder x2  
  198  12:11  Medivac  
  198  12:12  Marine  
  198  12:14  Marauder  
  198  12:15  Marauder, Marine  
  194  12:17  Siege Tank x2  
  200  12:32  Command Center  
  200  12:33  Starport Reactor, Starport Tech Lab  
  200  12:46  Ghost Academy  
  200  12:58  Command Center  
  192  13:07  Viking x3  
  191  13:19  Personal Cloaking  
  191  13:20  Viking x2  
  189  13:29  Planetary Fortress  
  189  13:32  Marauder x4  
  192  13:37  Viking x2  
  174  13:44  Viking  
  174  13:46  Marine  
  162  13:49  Siege Tank x2  
  162  13:50  Viking  
  162  13:53  Marauder  
  162  13:54  Marauder x2  
  162  13:55  Ghost, Viking  
  178  14:09  Marine  
  176  14:15  Marauder  
  178  14:21  Siege Tank x2  
  178  14:23  Marine  
  187  14:24  Marauder  
  187  14:27  Fusion Core, Terran Vehicle Weapons Level 3  
  187  14:29  Marauder  
  189  14:32  Viking  
  184  14:38  Marine x2  
  184  14:39  Marauder x2  
  190  14:48  Planetary Fortress  
  190  14:53  Siege Tank x2  
  190  14:59  Viking x2  
  200  15:09  Supply Depot  
  200  15:10  Supply Depot  
  200  15:12  Supply Depot  
  193  15:17  Advanced Ballistics  
  193  15:32  Viking x2  
  197  15:41  Viking x2  
  197  15:45  Viking  
  176  15:52  Marauder x2, Marine, Ghost x2  
  176  15:53  Marine  
  169  15:57  Liberator  
  169  16:01  Marine  
  169  16:02  SCV, Viking x2  
  165  16:11  Viking x2  
  165  16:15  SCV, Liberator x2  
  165  16:16  SCV x3  
  165  16:17  SCV  
  165  16:18  SCV  
  178  16:25  Marine x2  
  181  16:26  Marauder  
  181  16:27  SCV  
  181  16:28  Nuke  
  181  16:29  SCV  
  181  16:30  SCV  
  191  16:37  Marauder x3, Marine x3  
  200  16:52  Marine  
  200  16:53  Marauder  
  198  16:55  Marine x2  
  195  17:10  Command Center x2  
  192  17:25  Nuke  
  192  17:28  Viking  
  192  17:29  Viking x4  
  200  17:34  Ghost Academy  
  198  17:39  Marine x2  
  198  17:47  Marine x2  
Show
View Real Time Build Order
Export as new Build Order

Elazer Zerg 

Build Orders: Hatch First 

Get SALT Encoding   

  12  0:00  Drone  
  13  0:12  Overlord  
  13  0:17  Drone  
  14  0:30  Drone x2  
  16  0:48  Hatchery  
  15  0:51  Drone  
  15  0:55  Drone  
  17  0:58  Drone  
  18  1:08  Extractor  
  17  1:13  Spawning Pool  
  17  1:16  Drone  
  17  1:20  Drone  
  18  1:28  Drone  
  19  1:39  Drone  
  20  1:49  Drone  
  21  2:00  Queen x2, Zergling x2  
  21  2:01  Zergling x2  
  27  2:14  Hatchery  
  26  2:18  Overlord  
  26  2:21  Drone  
  27  2:24  Drone  
  28  2:40  Drone x3  
  31  2:44  Metabolic Boost  
  31  2:45  Queen  
  33  2:52  Overlord  
  33  2:54  Drone  
  33  2:56  Drone  
  33  2:58  Drone  
  36  3:11  Drone  
  36  3:12  Drone  
  38  3:13  Drone x3  
  38  3:16  Drone  
  38  3:18  Overlord  
  42  3:21  Queen  
  42  3:26  Queen  
  44  3:31  Zergling x4  
  48  3:40  Overlord  
  48  3:41  Drone x2  
  48  3:43  Drone x2  
  48  3:45  Zergling x2  
  48  3:46  Zergling x2  
  48  3:48  Drone  
  55  3:53  Zergling x2  
  55  3:54  Drone x2  
  58  3:57  Overlord  
  58  3:58  Drone  
  58  3:59  Drone  
  60  4:05  Queen  
  60  4:08  Queen  
  63  4:21  Overlord  
  63  4:23  Drone x8  
  71  4:30  Drone  
  72  4:37  Evolution Chamber, Zergling x4  
  71  4:38  Evolution Chamber  
  71  4:39  Zergling x4  
  71  4:43  Overlord  
  72  4:51  Overlord  
  72  4:52  Drone x2  
  74  4:54  Overlord  
  74  5:04  Zerg Melee Weapons Level 1, Drone x7, Zerg Ground Armor Level 1, Extractor x2  
  74  5:07  Overlord  
  79  5:09  Queen  
  79  5:11  Overlord  
  79  5:12  Overlord  
  81  5:18  Lair  
  81  5:19  Drone  
  81  5:21  Drone  
  83  5:22  Overlord  
  83  5:23  Extractor  
  83  5:24  Queen  
  83  5:27  Zergling x2  
  85  5:32  Spore Crawler  
  84  5:36  Zergling x10  
  83  5:50  Zergling x2  
  83  5:53  Zergling x8  
  82  5:57  Zergling x2  
  74  6:08  Overlord  
  69  6:14  Drone x6  
  68  6:21  Baneling Nest  
  68  6:25  Drone x2  
  68  6:26  Drone  
  68  6:32  Queen x2  
  72  6:33  Queen  
  72  6:36  Drone x7  
  72  6:38  Hatchery  
  82  6:42  Overlord  
  82  6:46  Overlord  
  82  6:48  Overlord  
  82  6:52  Overlord  
  82  6:56  Drone, Hatchery, Extractor  
  82  6:57  Drone  
  82  7:02  Zerg Melee Weapons Level 2, Zerg Ground Armor Level 2  
  82  7:08  Drone x2, Burrow  
  82  7:09  Drone x2  
  82  7:13  Overlord  
  82  7:14  Zergling x4  
  88  7:17  Centrifical Hooks  
  88  7:19  Zergling x6  
  88  7:22  Zergling x2  
  92  7:25  Overlord  
  92  7:27  Drone  
  93  7:34  Overlord  
  93  7:35  Zergling x6  
  96  7:38  Overlord  
  96  7:42  Hydralisk Den  
  95  7:45  Zergling x2  
  95  7:46  Zergling x14  
  95  7:48  Baneling  
  95  7:49  Baneling  
  103  7:53  Baneling x2  
  103  7:54  Zergling x8, Baneling x2  
  103  7:58  Overlord  
  107  8:02  Zergling x6  
  110  8:06  Overlord  
  110  8:09  Overlord  
  110  8:11  Overlord  
  110  8:12  Drone x2  
  112  8:15  Muscular Augments  
  108  8:21  Overlord  
  108  8:23  Drone x5  
  108  8:27  Overlord  
  108  8:29  Drone x3  
  108  8:30  Drone x5  
  108  8:32  Overlord  
  115  8:34  Hydralisk x2  
  115  8:37  Hydralisk  
  121  8:45  Overlord  
  120  8:51  Zergling x16  
  122  8:56  Baneling  
  122  8:57  Baneling x8  
  122  9:00  Overlord  
  122  9:01  Zergling x2  
  122  9:02  Zergling x4  
  121  9:11  Hydralisk x3  
  126  9:20  Hydralisk x5  
  126  9:23  Zerg Missile Weapons Level 1  
  135  9:29  Zergling x2  
  135  9:30  Zergling x14  
  143  9:34  Baneling x9  
  143  9:36  Zergling x4  
  143  9:43  Zergling x14  
  146  9:55  Zergling x18  
  148  10:02  Zergling x2  
  148  10:07  Hatchery  
  144  10:09  Overlord  
  144  10:10  Grooved Spines, Infestation Pit  
  144  10:14  Hydralisk x6  
  140  10:17  Zergling x4  
  154  10:22  Zergling x6  
  157  10:30  Overlord  
  157  10:32  Zergling x6  
  160  10:37  Overlord  
  160  10:38  Zergling x18  
  160  10:40  Baneling x11  
  160  10:41  Baneling  
  168  10:44  Zergling x6  
  167  11:00  Baneling x10  
  167  11:01  Overlord  
  167  11:02  Zergling x8  
  167  11:03  Zergling x6  
  174  11:05  Hive  
  172  11:14  Spire, Drone x2, Extractor  
  172  11:15  Drone x3  
  172  11:17  Extractor  
  174  11:19  Drone x3  
  174  11:21  Overlord  
  174  11:23  Drone x3  
  175  11:28  Drone  
  175  11:29  Drone  
  175  11:32  Drone x2  
  179  11:33  Drone  
  179  11:37  Zergling x16, Baneling x5  
  179  11:38  Zergling x2  
  189  11:48  Zergling x10  
  194  11:56  Spore Crawler, Drone x3  
  194  11:57  Spore Crawler, Extractor  
  194  11:58  Drone x2  
  196  12:01  Overlord  
  190  12:12  Zergling x22  
  189  12:17  Viper x3, Adrenal Glands  
  189  12:22  Overlord  
  198  12:24  Overlord  
  197  12:32  Hatchery  
  196  12:41  Overlord  
  196  12:42  Greater Spire  
  196  12:46  Overlord  
  193  13:15  Baneling x3  
  193  13:16  Baneling x2  
  193  13:25  Corruptor x3  
  188  13:40  Corruptor  
  188  13:41  Corruptor x4  
  169  13:46  Zergling x48  
  181  13:48  Zergling x2  
  181  13:49  Zergling x2  
  181  13:55  Zergling x2  
  183  14:01  Brood Lord x2  
  183  14:02  Brood Lord  
  189  14:08  Zergling x10  
  189  14:09  Baneling  
  184  14:10  Baneling x7  
  184  14:14  Brood Lord  
  184  14:16  Zergling x6  
  189  14:25  Brood Lord x2  
  191  14:35  Brood Lord  
  182  14:42  Baneling x9  
  182  14:46  Zergling x2  
  182  14:47  Zergling x14  
  182  14:51  Brood Lord  
  182  14:52  Hatchery  
  189  14:57  Overlord, Zergling x2  
  189  14:58  Zergling x4  
  190  15:02  Hydralisk x6  
  190  15:05  Hydralisk  
  199  15:11  Zergling x18  
  193  15:17  Hydralisk  
  192  15:22  Extractor  
  192  15:27  Hydralisk x4  
  176  15:47  Zergling x2, Hydralisk  
  176  15:48  Zergling x16  
  141  15:58  Hydralisk x3  
  135  16:04  Corruptor  
  134  16:16  Extractor  
  131  16:19  Spine Crawler, Drone x3  
  131  16:20  Spine Crawler x2, Baneling x7  
  131  16:23  Viper x2  
  137  16:25  Hatchery  
  137  16:26  Baneling x7  
  137  16:28  Queen x4  
  137  16:29  Zergling x8  
  137  16:31  Zergling x10  
  153  16:36  Baneling x4  
  153  16:38  Overlord  
  153  16:45  Overlord  
  147  16:58  Zergling x18  
  152  17:08  Overlord, Hydralisk x4  
  158  17:16  Overlord  
  158  17:21  Hydralisk  
  155  17:27  Zergling x12  
  162  17:34  Overlord  
  155  17:39  Overlord  
  155  17:41  Zergling x4  
  155  17:42  Zergling x10  
Tags
 
Add a new tag
Caveats
  • Supply blocks, unpowered buildings, or Contaminate may cause inaccurate times.
  • Supply counts are checked every 10 seconds.